 Dungeon Crawl Stone Soup version 0.25-a0-161-gb7fd73da8f (webtiles) character file.

Game seed: 14749480823424194231, levelgen mode: deterministic

12499 floatRand the Unseen (level 11, -2/76 HPs)
             Began as a Spriggan Berserker on Nov 19, 2019.
             Was a High Priest of Trog.
             Slain by a meliai
             ... wielding a +0 hand axe
              (10 damage)
             ... on level 12 of the Dungeon on Nov 21, 2019.
             The game lasted 00:34:46 (18296 turns).

floatRand the Unseen (Spriggan Berserker)          Turns: 18296, Time: 00:34:46

Health: -2/76      AC:  4    Str: 20    XL:     11   Next: 63%
Magic:  6/6        EV: 19    Int:  9    God:    Trog [*****.]
Gold:   318        SH:  8    Dex: 17    Spells: 10/10 levels left

rFire    . . .     SeeInvis +   B - +5 rapier (antimagic)
rCold    . . .     Gourm    .   f - +1 buckler
rNeg     + . .     Faith    .   b - +0 animal skin
rPois    .         Spirit   .   (helmet restricted)
rElec    .         Reflect  .   u - +1 cloak
rCorr    .         Harm     .   (gloves unavailable)
MR       +....                  (boots unavailable)
Stlth    ..........             (no amulet)
HPRegen  0.22/turn              F - ring of stealth
MPRegen  0.10/turn              H - ring of positive energy

@: berserking, lethally poisoned (-2 -> -17), drained, very quick
A: very small, unfitting armour, see invisible, herbivore, speed 3, slow
metabolism 2
a: Berserk, Trog's Hand, Brothers in Arms, Renounce Religion


You were on level 12 of the Dungeon.
You worshipped Trog.
Trog was extremely pleased with you.
You were not hungry.

You visited 1 branch of the dungeon, and saw 12 of its levels.

You collected 610 gold pieces.
You spent 292 gold pieces at shops.

Inventory:

Hand Weapons
 q - a +0 hunting sling
 B - a +5 antimagic rapier (weapon)
 D - a +1 dagger of venom
Missiles
 r - 241 stones (quivered)
Armour
 b - a +0 animal skin (worn)
 f - a +1 buckler (worn)
 u - a +1 cloak (worn)
Jewellery
 E - an uncursed ring of fire
 F - a ring of stealth (left hand)
 H - a ring of positive energy (right hand)
Wands
 a - a wand of paralysis (5)
 C - a wand of digging (4)
 I - a wand of random effects (11)
 K - a wand of scattershot (4)
Scrolls
 d - 4 scrolls of teleportation
 h - 3 scrolls of enchant weapon
 i - 2 scrolls of magic mapping
 l - a scroll of fear
 o - 2 scrolls of blinking
 p - a scroll of enchant armour
 J - a scroll of fog
Potions
 e - 3 potions of mutation
 g - 3 potions of might
 j - 4 potions of agility
 k - 4 potions of heal wounds
 m - 4 potions of brilliance {unknown}
 n - 2 potions of degeneration {unknown}
 s - 4 potions of ambrosia {unknown}
 t - 4 potions of lignification {unknown}
 v - a potion of cancellation {unknown}
 w - a potion of haste {unknown}
 z - 2 potions of magic {unknown}
 A - 2 potions of flight {unknown}
 G - 3 potions of curing
Comestibles
 c - 11 rations


   Skills:
 - Level 2.4(1.7) Fighting
 + Level 9.9(9.1) Short Blades
 - Level 4.4(3.7) Dodging
 * Level 17.2(16.2) Stealth
 + Level 6.4(5.7) Shields
 + Level 10.3(9.5) Evocations


You had 10 spell levels left.
You didn't know any spells.
Your spell library was empty.

Dungeon Overview and Level Annotations

Branches:
Dungeon (12/15)            Temple (0/1) D:4            Lair (0/6) D:11
    Orc (0/2) D:10

Altars:
Ashenzari
Gozag
Hepliaklqana
Makhleb
Qazlal
Ru
Vehumet
Yredelemnul
Beogh

Shops:
D:6 **(=

Annotations:
D:9 3 runed translucent doors, GordonOverkill's ghost, novice DrFE


Innate Abilities, Weirdness & Mutations

You are very small and have problems with some larger weapons.
You are too small for most types of armour.
You have supernaturally acute eyesight. (SInv)
You are a herbivore.
You cover ground extremely quickly.
You need to consume almost no food.


Message History

* * * LOW HITPOINT WARNING * * *
The meliai closely misses you. The meliai hits you with a +0 hand axe.
* * * LOW HITPOINT WARNING * * *
The meliai stings you.
* * * LOW HITPOINT WARNING * * *
You closely miss the meliai. You block the meliai's attack.
The meliai stings you.
* * * LOW HITPOINT WARNING * * *
You are lethally poisoned!
The meliai poisons you!
Unknown command.
You closely miss the meliai.
* * * LOW HITPOINT WARNING * * *
You feel sick. The meliai misses you. The meliai stings you.
* * * LOW HITPOINT WARNING * * *
You puncture the meliai!
The meliai is severely wounded.
* * * LOW HITPOINT WARNING * * *
You feel sick. The meliai hits you with a +0 hand axe!
You die...

#^# .y....##.# #.#
...... #.# #.#
####### #.# #.#
##...# #.# #.# #....#
#.# ####.####....#
#y# #.......#.#.##
#.#
#.##.##.#.#.#######.#
#.##......#.....@yy.#
#.#####.#############
#.#####.# #.<.....#
#########


You could see 2 meliai.

Vanquished Creatures
  Harold (D:8)
  A hydra (D:10)
  2 two-headed ogres
  A cyclops (D:11)
  A komodo dragon (D:11)
  A troll (D:9)
  2 hippogriffs (D:7)
  A hornet (D:9)
  A spriggan (D:8)
  13 yaks
  A wraith (D:11)
  A vampire (D:9)
  A water moccasin (D:11)
  A floating eye (D:9)
  An ice beast (D:11)
  5 orc warriors
  An eye of draining (D:10)
  A phantom (D:11)
  3 sky beasts
  5 centaurs
  13 ogres
  3 big kobolds
  6 bullfrogs
  Blork the orc (D:4)
  2 scorpions
  A water moccasin skeleton (D:8)
  7 wights
  4 howler monkeys (D:9)
  4 electric eels (D:10)
  3 crimson imps
  3 bullfrog zombies
  4 jellies
  11 orc priests
  3 centaur skeletons
  4 hounds
  12 orc wizards
  5 bullfrog skeletons
  6 iguanas
  Natasha (thrice) (D:2)
  6 worker ants
  A killer bee zombie (D:7)
  A hound zombie (D:6)
  A hound skeleton (D:6)
  A worker ant zombie (D:7)
  A howler monkey zombie (D:6)
  15 adders
  A howler monkey skeleton (D:6)
  2 shadow imps
  An ooze (D:1)
  4 adder zombies
  2 adder skeletons (D:8)
  A worm (D:5)
  A dart slug (D:2)
  4 leopard geckos
  50 orcs
  7 bats
  5 giant cockroaches
  10 goblins
  8 hobgoblins
  11 jackals
  2 quokkas
  A ball python (D:1)
  4 frilled lizards
  A jackal skeleton (D:4)
  A jackal zombie (D:6)
  11 kobolds
  A leopard gecko zombie (D:5)
  13 rats
306 creatures vanquished.

Vanquished Creatures (others)
  2 plants (D:11)
2 creatures vanquished.

Grand Total: 308 creatures vanquished

Notes
Turn   | Place    | Note
-------+----------+-------------------------------------------
     0 | D:1      | floatRand the Spriggan Berserker began the quest for the
                  | Orb.
     0 | D:1      | Reached XP level 1. HP: 11/11 MP: 2/2
    25 | D:1      | Reached skill level 1 in Stealth
   270 | D:1      | Reached skill level 2 in Stealth
   270 | D:1      | Reached XP level 2. HP: 12/16 MP: 3/3
   435 | D:1      | Reached skill level 3 in Stealth
   530 | D:1      | Reached ** piety under Trog
   574 | D:1      | Reached XP level 3. HP: 18/19 MP: 4/4
  1165 | D:2      | Reached skill level 4 in Stealth
  1165 | D:2      | Reached skill level 1 in Shields
  1335 | D:2      | Reached XP level 4. HP: 13/23 MP: 5/5
  1880 | D:2      | Found a burning altar of Makhleb.
  2280 | D:2      | Noticed Natasha
  2296 | D:2      | Killed Natasha
  2296 | D:2      | Reached skill level 5 in Stealth
  2689 | D:2      | Found a stormy altar of Qazlal.
  2690 | D:2      | Noticed an air elemental
  2692 | D:2      | Noticed a water elemental
  2692 | D:2      | Noticed a fire elemental
  2692 | D:2      | Noticed an earth elemental
  2896 | D:2      | Noticed Natasha
  2924 | D:2      | Killed Natasha
  2924 | D:2      | Reached XP level 5. HP: 16/27 MP: 6/6
  3069 | D:2      | Noticed Natasha
  3079 | D:2      | Killed Natasha
  3192 | D:3      | Reached skill level 6 in Stealth
  3193 | D:3      | Reached *** piety under Trog
  3574 | D:3      | Found a faded altar of an unknown god.
  3784 | D:3      | Reached XP level 6. HP: 21/32 MP: 7/7
  4274 | D:3      | Found an opulent altar of Gozag.
  4394 | D:4      | Found a staircase to the Ecumenical Temple.
  4410 | D:4      | Noticed Blork the orc
  4413 | D:4      | Killed Blork the orc
  4413 | D:4      | Reached skill level 7 in Stealth
  4413 | D:4      | Reached skill level 1 in Evocations
  4823 | D:4      | Found a basalt altar of Yredelemnul.
  5241 | D:5      | Entered Level 5 of the Dungeon
  5241 | D:5      | Found a shattered altar of Ashenzari.
  5241 | D:5      | Found a radiant altar of Vehumet.
  5263 | D:5      | Reached skill level 5 in Short Blades
  5263 | D:5      | Reached XP level 7. HP: 35/35 MP: 9/9
  5296 | D:5      | Reached **** piety under Trog
  5326 | D:5      | Reached skill level 8 in Stealth
  5787 | D:5      | Reached skill level 9 in Stealth
  5982 | D:5      | Reached XP level 8. HP: 20/39 MP: 11/11
  6391 | D:5      | Found a sacrificial altar of Ru.
  6576 | D:5      | Reached skill level 10 in Stealth
  7368 | D:6      | Found Kokliadd's Antique Weapon Boutique.
  7385 | D:6      | Found Jeazy's Assorted Antiques.
  7436 | D:6      | Bought an agate ring for 125 gold pieces
  7436 | D:6      | Bought a ruby ring for 125 gold pieces
  7436 | D:6      | Bought a fizzy golden potion for 22 gold pieces
  7639 | D:6      | Found Waot's Assorted Antiques.
  7672 | D:6      | Reached ***** piety under Trog
  7672 | D:6      | Reached skill level 5 in Evocations
  7705 | D:6      | Bought a bubbling black potion for 20 gold pieces
  7712 | D:6      | Found Saigo Iraep's Jewellery Boutique.
  8312 | D:6      | Found a hazy altar of Hepliaklqana.
  8354 | D:6      | Reached skill level 11 in Stealth
  8992 | D:7      | Reached XP level 9. HP: 37/43 MP: 14/14
  9483 | D:7      | Reached skill level 12 in Stealth
 10331 | D:8      | Upgraded the game from 0.25-a0-110-ge29c8f2358 to
                  | 0.25-a0-161-gb7fd73da8f
 10816 | D:8      | Noticed Harold
 10844 | D:8      | Killed Harold
 10844 | D:8      | Reached skill level 13 in Stealth
 11346 | D:9      | Found a runed translucent gate.
 11346 | D:9      | Found a runed translucent gate.
 11347 | D:9      | Found a runed translucent gate.
 11627 | D:9      | Noticed a deep elf mage
 11631 | D:9      | Noticed GordonOverkill's ghost (novice DrFE)
 11677 | D:9      | Reached XP level 10. HP: 39/47 MP: 16/16
 11685 | D:9      | Received a gift from Trog
 11772 | D:9      | Reached skill level 14 in Stealth
 11887 | D:9      | Reached skill level 5 in Shields
 12729 | D:9      | Noticed a two-headed ogre
 12760 | D:9      | Killed a two-headed ogre
 12795 | D:9      | Reached skill level 15 in Stealth
 13546 | D:10     | Entered Level 10 of the Dungeon
 13789 | D:10     | Noticed a six-headed hydra
 14015 | D:10     | Noticed a two-headed ogre
 14526 | D:10     | Found a staircase to the Orcish Mines.
 14583 | D:10     | Received a gift from Trog
 14748 | D:10     | Killed a two-headed ogre
 14748 | D:10     | Reached XP level 11. HP: 51/51 MP: 5/19
 14762 | D:10     | Reached skill level 16 in Stealth
 14954 | D:10     | Found a roughly hewn altar of Beogh.
 15342 | D:10     | Killed a six-headed hydra
 16858 | D:11     | Reached skill level 10 in Evocations
 16945 | D:11     | Found a staircase to the Lair.
 17359 | D:11     | Reached skill level 17 in Stealth
 17961 | D:12     | Noticed a two-headed ogre
 18296 | D:12     | Slain by a meliai

Levels and vault maps discovered:
D:1:      minmay_arrival_pointy, layout_loops_ring
D:2:      layout_rooms, lightli_temple_of_fire,
          nicolae_qazlal_style_of_elements, uniq_natasha
D:3:      layout_loops_ring, first_ration,
          chequers_ecumenical_altar_simple_redux, grunt_gozag_statues
D:4:      layout_basic, yredelemnul_altar_generic, minmay_temple_entry_tees,
          st_stairs_5, uniq_blork_the_orc
D:5:      layout_basic, chequers_temple_overflow_statue_of_worship,
          overflow_temple_1_default, nrook_campfire
D:6:      layout_rooms, marbit_many_paths, serial_shops, shop, shop, shop, shop,
          kennysheep_flooded_box
D:7:      layout_loops_cross
D:8:      layout_loops_ring, serial_glass, glass_columns_a, glass_columns_b,
          glass_columns_a, glass_columns_a, glass_columns_a, glass_columns_c,
          item_on_display_b, the_bakery, uniq_harold
D:9:      layout_roguey, gammafunk_ghost_split, onia_ninara_cookie
D:10:     layout_basic, minmay_orc_entry_temple_small
D:11:     layout_roguey, david_lair_shrubbed
D:12:     layout_loops_cross

Skill      XL: |  1  2  3  4  5  6  7  8  9 10 11 |
---------------+----------------------------------+-----
Stealth        | 2 3 4 5 6 7 9 11 13 15 17 | 17.2
Shields        | 1 2 3 4 5 6 |  6.4
Short Blades   | 4 5 6 7 9 |  9.9
Evocations     | 2 3 5 7 9 10 | 10.3
Fighting       | |  2.4
Dodging        | |  4.4

Action                   |  1- 3 |  4- 6 |  7- 9 | 10-12 || total
-------------------------+-------+-------+-------+-------++-------
Melee: Short sword       |   139 |   290 |    96 |       ||   525
       Dagger            |       |       |   430 |   354 ||   784
       Rapier            |       |       |       |   168 ||   168
 Fire: Hunting sling     |       |       |     6 |    14 ||    20
Invok: Berserk           |       |     2 |     1 |     2 ||     5
Evoke: Wand              |       |     3 |     6 |    24 ||    33
  Use: Scroll            |       |     4 |    17 |     3 ||    24
 Stab: Sleeping          |     6 |     8 |    27 |    28 ||    69
       Distracted        |       |     4 |     2 |     3 ||     9
  Eat: Ration            |       |     2 |     5 |     4 ||    11
Armor: Animal skin       |    12 |    22 |    23 |    15 ||    72
Dodge: Dodged            |    93 |   161 |   224 |   175 ||   653
Block: Buckler           |    22 |    58 |   130 |   101 ||   311

Table legend:
 A = Non-vault XP
 B = Vault XP
 C = Vault XP percentage of total XP
 D = Non-vault monster count
 E = Vault monster count
 F = Vault count percentage of total count
                 A         B        C        D         E       F
            +---------+---------+-------+---------+---------+-------
      Total |   13205 |    4651 |  26.0 |     265 |      41 |  13.4
            +---------+---------+-------+---------+---------+-------
        D:1 |      49 |       0 |   0.0 |      28 |       0 |   0.0
        D:2 |     166 |      35 |  17.4 |      25 |       1 |   3.8
        D:3 |     192 |       0 |   0.0 |      31 |       0 |   0.0
        D:4 |      32 |     146 |  82.0 |       6 |       4 |  40.0
        D:5 |    1285 |       0 |   0.0 |      32 |       0 |   0.0
        D:6 |     677 |      36 |   5.0 |      23 |       1 |   4.2
        D:7 |    1069 |       0 |   0.0 |      22 |       0 |   0.0
        D:8 |     377 |    1205 |  76.2 |       9 |       2 |  18.2
        D:9 |    2561 |    2390 |  48.3 |      32 |      18 |  36.0
       D:10 |    3007 |     501 |  14.3 |      23 |      14 |  37.8
       D:11 |    3685 |     338 |   8.4 |      32 |       1 |   3.0
       D:12 |     105 |       0 |   0.0 |       2 |       0 |   0.0
            +---------+---------+-------+---------+---------+-------
